 Dungeon Crawl Stone Soup version 0.31-a0-986-g5e6e4ef867 (webtiles) character file.

Game seed: 8181542068472075754

53 Maxmaps the Changeling (level 3, -1/34 HPs)
             Began as an Octopode Shapeshifter on Nov 6, 2023.
             Slain by a cerulean imp
             ... wielding a +1 spear
             ... summoned by Natasha
              (3 damage)
             ... on level 2 of the Dungeon.
             The game lasted 00:00:53 (868 turns).

Maxmaps the Changeling (Octopode Shapeshifter)       Turns: 868, Time: 00:00:54

Health: -1/34      AC: 21    Str: 13    XL:     3   Next: 89%
Magic:  3/3        EV:  2    Int: 14    God:
Gold:   96         SH:  0    Dex: 11    Spells: 2/2 levels left

rFire   . . .        g - +0 dagger (venom)
rCold   . . .        (no shield)
rNeg    . . .        (helmet currently unavailable)
rPois   +            (no amulet)
rElec   .            (no ring)
rCorr   .            (no ring)
SInv    .            (no ring)
Will    .....        (no ring)
Stlth   +            (no ring)
HPRegen 0.25/turn    (no ring)
MPRegen 0.08/turn    (no ring)
                     (no ring)

%: no passive effects
@: tree-form, slowed, very slow
A: stationary, stasis, torment immunity, boosted hp, almost no armour,
(amphibious), 8 rings, (camouflage 1), (gelatinous body 1), (nimble swimmer 1),
(tentacles)
a: no special abilities


You were on level 2 of the Dungeon.
You were a tree.
You visited 1 branch of the dungeon, and saw 2 of its levels.

You collected 96 gold pieces.

Inventory:

Hand Weapons
 g - a +0 dagger of venom (weapon)
Jewellery
 l - a +6 ring of intelligence
Talismans
 b - a beast talisman
 c - a flux talisman
Wands
 k - a wand of paralysis (12)
Scrolls
 d - a scroll of amnesia {unknown}
 e - a scroll of poison {unknown}
 f - 4 scrolls of identify {unknown}
 h - a scroll of enchant armour {unknown}
 i - a scroll of silence {unknown}
 j - 2 scrolls of acquirement {unknown}
 m - a scroll of fog {unknown}
Potions
 a - 3 potions of lignification


   Skills:
 - Level 1.0 Fighting
 + Level 1.8 Short Blades
 - Level 2.0 Dodging
 - Level 3.0 Unarmed Combat
 - Level 4.0 Shapeshifting


You had 2 spell levels left.
You didn't know any spells.
Your spell library was empty.

Dungeon Overview and Level Annotations

Branches:
Dungeon (2/15)

Altars:
Okawaru

Shops:
D:1 (

Annotations:
D:2 Natasha


Innate Abilities, Weirdness & Mutations

You are a tree.
Your roots penetrate the ground, keeping you stationary.
You cannot be teleported.
You are immune to unholy pain and torment.
Your maximum health is greatly increased.
You cannot wear most types of armour.
((You are amphibious.))
You can wear up to eight rings at the same time.
((Your skin changes colour to match your surroundings (Stealth+).))
((Your rubbery body absorbs attacks. (AC +1, EV +1)))
((You are camouflaged when in or above water. (Stealth+)))
((You have tentacles for arms and can constrict up to eight enemies at once.))


Message History

You barely miss the ball python.
The ball python is severely wounded.
You constrict the ball python.
You kill the ball python!
No target in view!
No target in view!
No target in view!
No target in view!
No target in view!
No target in view!
No target in view!
No target in view!
There is a stone staircase leading down here.
Natasha, Servant of Life and Death comes into view.
Natasha hisses angrily.
Natasha stares at you and mumbles some strange words.
You feel yourself slow down.
Natasha is nearby!
Natasha casts a spell at you. The magic dart hits you!
Natasha is nearby!
Natasha is nearby!
Natasha closely misses you.
You hit Natasha but do no damage.
Natasha is poisoned.
Your grab misses Natasha. Your squeeze misses Natasha.
Natasha mumbles some strange words.
You hit Natasha but do no damage. Your grab misses Natasha.
Your squeeze misses Natasha.
Natasha is lightly wounded.
Natasha claws you!
The cerulean imp hits you with a +1 spear.
* * * LOW HITPOINT WARNING * * *
Natasha barely misses you.
Your transformation has ended.
You turn into a tree.
Your roots penetrate the ground.
The cerulean imp hits you but does no damage.
Natasha claws you.
* * * LOW HITPOINT WARNING * * *
The cerulean imp hits you with a +1 spear.
You die...

##....##...>........#
#........##.##.####.#
#..#..#..##.##.# #.#
....[.......##.# #.#
#.....#..#####.# #.###
#.....<..>.....####...#
#####.##.......##.....#
# #..†....##.#####
#.♣)....##†#
#5h.....##.#
#.......##.######
####.####.......#
##.####..####.#
#.....†.......#
###.#####.##.##.# .
#.....###.##.##.###
..##.#...............#


You could see Natasha (poisoned) and a cerulean imp (summoned).

Vanquished Creatures
  Natasha (D:2)
  3 dart slugs
  A bat (D:1)
  2 endoplasms
  A giant cockroach (D:2)
  3 hobgoblins
  A kobold (D:2)
  A quokka (D:2)
  6 ball pythons
  A frilled lizard (D:2)
  2 goblins (D:1)
  2 rats
24 creatures vanquished.

Notes
Turn   | Place    | Note
-------+----------+-------------------------------------------
     0 | D:1      | Maxmaps the Octopode Shapeshifter began the quest for the
                  | Orb.
     0 | D:1      | Reached XP level 1. HP: 13/13 MP: 1/1
   137 | D:1      | Found Nocs's Antique Weapon Boutique.
   144 | D:1      | Reached XP level 2. HP: 18/18 MP: 2/2
   474 | D:2      | Found an iron altar of Okawaru.
   524 | D:2      | Found a faded altar of an unknown god.
   636 | D:2      | Reached XP level 3. HP: 20/23 MP: 3/3
   750 | D:2      | Reached skill level 4 in Shapeshifting
   805 | D:2      | Noticed Natasha
   806 | D:2      | Killed Natasha
   807 | D:2      | Reached skill level 1 in Short Blades
   862 | D:2      | Noticed Natasha
   867 | D:2      | HP: 1/23 [cerulean imp/+1 spear[Natasha] (6)]
   868 | D:2      | Slain by a cerulean imp

Illustrated notes

Levels and vault maps discovered:
D:1:      ncdulo_watergridlock, layout_rooms, serial_shops,
          nicolae_shop_peninsula
D:2:      layout_loops_cross, hellmonk_ecumenical_altar_arch_garden,
          basic_altar, uniq_natasha

Skill      XL: |  1  2  3 |
---------------+----------+-----
Shapeshifting  | 4 |  4.0
Short Blades   | 1 |  1.8
Fighting       | |  1.0
Dodging        | |  2.0
Unarmed Combat | |  3.0

Action                     || total
---------------------------++-------
  Melee: Unarmed           ||    19
         Constrict         ||    13
         Tentacles         ||     6
         Dagger            ||    26
         Punch             ||     2
    Use: Potion            ||     1
   Stab: Sleeping          ||     3
 Armour: Skin              ||    20
  Dodge: Dodged            ||    20

Table legend: (Time is in decaauts)
 A = Elapsed time spent in this place.
 B = Non-inter-level travel time spent in this place.
 C = Inter-level travel time spent in this place.
 D = Time resting spent in this place.
 E = Time spent auto-exploring this place.
 F = Levels seen in this place.
 G = Mean time per level.
                   A        B        C        D        E       F      G
               +--------+--------+--------+--------+--------+-----+--------+
         Total |    868 |    854 |     14 |     42 |    648 |   2 |  434.0 |
       Dungeon |    868 |    854 |     14 |     42 |    648 |   2 |  434.0 |
               +--------+--------+--------+--------+--------+-----+--------+

Top non-repeatable levels by time:
     D:1: 446 daAuts
     D:2: 421 daAuts
